 Dungeon Crawl Stone Soup version 0.30-a0-965-g42e074c17a (webtiles) character file.

Game seed: 17571927840463822015

5429 xian the Protected (level 10, -1/63 HPs)
             Began as a Gargoyle Gladiator on Mar 31, 2023.
             Was a Believer of Trog.
             Slain by a wight
             ... wielding a +0 trident
              (8 damage)
             ... on level 9 of the Dungeon.
             The game lasted 00:22:56 (8749 turns).

xian the Protected (Gargoyle Gladiator)             Turns: 8749, Time: 00:22:57

Health: -1/63      AC: 22    Str: 23    XL:     10   Next: 67%
Magic:  10/10      EV: 10    Int:  8    God:    Trog [**....]
Gold:   563        SH:  0    Dex: 17    Spells: 9/9 levels left

rFire   + + .      SeeInvis +    b - +4 spear of Somewhere Else {freeze, rF+ Will+}
rCold   x . .      Faith    .    (no shield)
rNeg    + . .      Spirit   .    p - +0 chain mail
rPois   ∞          Reflect  .    K - +0 mask of the Dragon {Will+ Slay+3 SInv}
rElec   +          Rampage  .    u - +0 cloak
rCorr   .                        l - +0 pair of gloves
Will    ++...                    L - +0 pair of boots Stlth
                                 (no amulet)
HPRegen 0.30/turn                k - ring of fire
MPRegen 0.12/turn                r - +6 ring of dexterity

@: about to teleport
A: sickness immunity, AC +7, negative energy resistance 1, electricity
resistance, torment resistance 1, petrification resistance
a: Renounce Religion, Berserk, Trog's Hand


You were on level 9 of the Dungeon.
You worshipped Trog.
Trog was pleased with you.
You visited 2 branches of the dungeon, and saw 10 of its levels.
You also visited: Sewer.

You collected 596 gold pieces.
You spent 33 gold pieces at shops.

Inventory:

Hand Weapons
 b - the +4 spear of Somewhere Else (weapon) {freeze, rF+ Will+}
   (You found it on level 3 of the Dungeon)

   rF:        It protects you from fire.
   Will:      It increases your willpower.
Missiles
 e - a javelin
 h - 39 stones
 A - 4 atropa-tipped darts (quivered)
 D - 6 boomerangs
 R - 4 poisoned darts
Armour
 j - a +1 leather armour of willpower
 l - a +0 pair of gloves (worn)
 p - a +0 chain mail (worn)
 u - a +0 cloak (worn)
 K - the +0 mask of the Dragon (worn) {Will+ Slay+3 SInv}
   (You found it on level 6 of the Dungeon)

   Slay:      It affects your accuracy & damage with ranged weapons and melee
   (+3).
   SInv:      It lets you see invisible.
   Will:      It increases your willpower.
 L - a +0 pair of boots (worn)
 M - a scarf of invisibility
Jewellery
 k - a ring of fire (left hand)
 n - a ring of protection from cold
 r - a +6 ring of dexterity (right hand)
 H - an amulet of faith
 O - a ring of magical power
Wands
 t - a wand of polymorph (5)
 x - a wand of light (5)
 y - a wand of flame (31)
 B - a wand of paralysis (14)
 C - a wand of iceblast (11)
Scrolls
 a - a scroll of poison {unknown}
 c - a scroll of enchant weapon {unknown}
 f - a scroll of fear
 i - a scroll of summoning
 o - 4 scrolls of fog
 E - 2 scrolls of magic mapping
 N - a scroll of amnesia {unknown}
 P - 2 scrolls of blinking
 Q - a scroll of torment {unknown}
 S - a scroll of brand weapon
Potions
 m - 3 potions of invisibility {unknown}
 q - a potion of resistance {unknown}
 s - 2 potions of haste {unknown}
 v - a potion of cancellation {unknown}
 w - 3 potions of degeneration {unknown}
 z - a potion of mutation
 F - a potion of might
 G - 2 potions of magic
 I - a potion of heal wounds
 J - a potion of flight
 T - a potion of attraction {unknown}


   Skills:
 + Level 7.0 Fighting
 + Level 4.9 Maces & Flails
 + Level 7.8 Polearms
 + Level 3.5 Throwing
 + Level 9.5 Armour
 + Level 4.7 Dodging
 + Level 1.7 Stealth


You had 9 spell levels left.
You didn't know any spells.
Your spell library contained the following spells:

 Spells                   Type           Power      Damage    Failure   Level
 Apportation              Tloc           0%         N/A       94%         1
 Necrotise                Necr           0%         1d4       94%         1
 Summon Small Mammal      Summ           0%         N/A       94%         1
 Manifold Assault         Tloc           0%         N/A       100%        4
 Dispersal                Tloc           0%         N/A       100%        6
 Disjunction              Tloc           0%         N/A       100%        8


Dungeon Overview and Level Annotations

Branches:
Dungeon (9/15)             Temple (1/1) D:5           Sewer (visited)
   Lair: D:8-11         Orc: D:9-12

Altars:
Ashenzari
Cheibriados
Elyvilon
Gozag
Hepliaklqana
Kikubaaqudgha
Makhleb
Nemelex Xobeh
Okawaru
Qazlal
Trog
Uskayaw
Wu Jian
Yredelemnul
Zin
The Shining One

Shops:
D:1 :(?:   D:2 *   D:6 :=([

Annotations:
D:9 Harold, Pikel


Innate Abilities, Weirdness & Mutations

You are immune to sickness and miasma.
Your stone body is resilient. (AC +7)
You are immune to poison.
You resist negative energy. (rN+)
You are resistant to electric shocks. (rElec)
You are resistant to unholy torment.
You are immune to petrification.


Message History

You see here 2 poisoned darts.
R - 4 poisoned darts (gained 2)
A lemure comes into view.
You see here a yak corpse.
You see here an atropa-tipped dart.
A - 4 atropa-tipped darts (gained 1)
The lemure hits you but does no damage.
You puncture the lemure! You freeze the lemure.
The lemure is moderately wounded.
You puncture the lemure! You freeze the lemure.
The lemure is severely wounded.
The lemure hits you!
You hit the lemure. You freeze the lemure.
You kill the lemure!
That felt strangely unrewarding.
Harold throws a throwing net.
The throwing net hits you.
You become entangled in the net!
You struggle against the net.
Harold drinks a potion.
Harold seems to grow stronger.
Unknown command.
You struggle against the net.
Harold hits you from afar with a +0 glaive!
The lemure hits you but does no damage.
You shred the net and break free!
The lemure shouts!
Harold hits you from afar with a +0 glaive!!
* * * LOW HITPOINT WARNING * * *
The lemure hits you but does no damage. The lemure attacks as you move away!
The lemure hits you.
* * * LOW HITPOINT WARNING * * *
A wight comes into view. It is wielding a +4 morningstar.
The lemure attacks as you move away! The lemure hits you but does no damage.
Unknown command.
As you read the scroll of teleportation, it crumbles to dust.
You feel strangely unstable. The lemure hits you but does no damage.
The wight attacks as you move away! The wight hits you but does no damage.
The lemure attacks as you move away! The lemure hits you.
* * * LOW HITPOINT WARNING * * *
As you open the door, it creaks loudly!
The wight hits you from afar with a +0 trident!
You die...

##### #.... #....
#.... #.... ...
####'### #....@z#
#.....5# #...@z.#
#.....5# #.....5#
#..(zK.###+###
#......#.....######
#.......†.........#
#......†..........#


You could see Harold (strong), Pikel, 3 lemures and 3 wights.

Vanquished Creatures
  A two-headed ogre (D:8)
  A cyclops (D:9)
  Maurice (D:8)
  A troll (D:9)
  A hornet (D:8)
  Sigmund (D:2)
  A wyvern (D:7)
  4 yaks (D:9)
  Duvessa (D:7)
  2 water moccasins
  An orc warrior (D:6)
  An ice beast (D:5)
  An ogre (D:7)
  A centaur (D:6)
  A lemure (D:9)
  A phantom (D:7)
  4 bullfrogs
  4 wights (D:8)
  Dowan (D:7)
  5 killer bees (D:7)
  A howler monkey (D:8)
  A lava snake (D:8)
  6 orc priests
  2 jellies (D:3)
  Crazy Yiuf (D:3)
  2 sleepcaps (D:7)
  7 hounds
  2 iguanas
  2 gnoll boudas (D:7)
  Ijyb (D:3)
  Jessica (D:3)
  9 orc wizards
  A mummy (D:4)
  7 gnolls
  11 adders
  A river rat (Sewer)
  A shadow imp (D:6)
  2 white imps
  2 worms
  3 dart slugs
  42 orcs
  6 bats
  8 endoplasms
  4 giant cockroaches
  4 goblins
  5 hobgoblins
  3 jackals (D:1)
  A quokka (D:2)
  22 ball pythons
  5 kobolds
  29 rats
226 creatures vanquished.

Notes
Turn   | Place    | Note
-------+----------+-------------------------------------------
     0 | D:1      | xian the Gargoyle Gladiator began the quest for the Orb.
     0 | D:1      | Reached XP level 1. HP: 12/12 MP: 1/1
     8 | D:1      | Found Uzxik's Book Boutique.
   162 | D:1      | Reached XP level 2. HP: 13/17 MP: 2/2
   166 | D:1      | Found Xuris's Magic Scroll Boutique.
   188 | D:1      | Bought a scroll of noise for 11 gold pieces
   188 | D:1      | Bought a scroll of identify for 22 gold pieces
   362 | D:1      | Found Kemutuw's Antique Weapon Shoppe.
   368 | D:1      | Reached XP level 3. HP: 18/21 MP: 3/3
   626 | D:1      | Reached skill level 1 in Armour
   675 | D:1      | Found Qeiset's Book Boutique.
  1191 | D:2      | Found Munutrats's General Store.
  1418 | D:2      | Noticed Sigmund
  1582 | D:2      | HP: 1/22 [something (8)]
  1588 | D:2      | HP: 1/22 [something/magic dart (2)]
  1710 | D:2      | Killed Sigmund
  1711 | D:2      | Reached skill level 2 in Armour
  1711 | D:2      | Reached skill level 1 in Stealth
  1711 | D:2      | Reached XP level 4. HP: 16/28 MP: 4/4
  1711 | D:2      | Reached XP level 5. HP: 18/32 MP: 5/5
  2181 | D:3      | Reached XP level 6. HP: 35/37 MP: 6/6
  2240 | D:3      | Found an opulent altar of Gozag.
  2329 | D:3      | Identified the +4 spear of Somewhere Else {freeze, rF+
                  | Will+}
  2389 | D:3      | Found a glowing drain.
  2396 | Sewer    | Entered a sewer
  2650 | Sewer    | Reached skill level 3 in Armour
  2763 | Sewer    | Reached skill level 1 in Polearms
  2772 | Sewer    | Reached XP level 7. HP: 6/41 MP: 7/7
  2780 | Sewer    | Reached skill level 4 in Armour
  2785 | Sewer    | HP: 3/61 [adder (2)]
  3024 | D:3      | Found a runed translucent door.
  3025 | D:3      | Noticed Crazy Yiuf
  3034 | D:3      | Killed Crazy Yiuf
  3255 | D:3      | Noticed Jessica
  3260 | D:3      | Killed Jessica
  3597 | D:3      | Noticed Ijyb
  3615 | D:3      | Killed Ijyb
  3942 | D:4      | Found a glowing golden altar of the Shining One.
  4369 | D:4      | Found a snail-covered altar of Cheibriados.
  4456 | D:5      | Entered Level 5 of the Dungeon
  4592 | D:5      | Reached XP level 8. HP: 39/48 MP: 8/8
  4970 | D:5      | Found a staircase to the Ecumenical Temple.
  4982 | D:5      | Identified the +2 rapier of the Shrike {flame, Will++
                  | rCorr}
  5057 | Temple   | Entered the Ecumenical Temple
  5090 | Temple   | Became a worshipper of Trog the Wrathful
  5143 | D:5      | Found an ornate altar of the Wu Jian Council.
  5149 | D:5      | Found a hazy altar of Hepliaklqana.
  5171 | D:5      | Reached skill level 5 in Armour
  5571 | D:6      | Found Xaemm's Antique Weapon Boutique.
  5645 | D:6      | Found Viav's Book Shoppe.
  5817 | D:6      | Found the +0 mask of the Dragon {Will+ Slay+3 SInv}
  6079 | D:6      | Found Riytiw's Armour Boutique.
  6167 | D:6      | Found a glowing silver altar of Zin.
  6286 | D:6      | Found Tafyoral's Jewellery Shop.
  6544 | D:7      | Noticed a wyvern
  6551 | D:7      | Killed a wyvern
  6552 | D:7      | Reached skill level 5 in Polearms
  6552 | D:7      | Reached skill level 6 in Armour
  6559 | D:7      | Reached skill level 5 in Fighting
  6559 | D:7      | Reached XP level 9. HP: 42/54 MP: 9/9
  6787 | D:7      | Reached * piety under Trog
  6803 | D:7      | Noticed Duvessa
  6807 | D:7      | Noticed Dowan
  6818 | D:7      | Killed Duvessa
  6827 | D:7      | Killed Dowan
  7125 | D:7      | Reached skill level 7 in Armour
  7411 | D:8      | Noticed Maurice
  7420 | D:8      | Killed Maurice
  7616 | D:8      | Noticed a two-headed ogre
  7632 | D:8      | Killed a two-headed ogre
  7633 | D:8      | Reached skill level 8 in Armour
  7633 | D:8      | Reached XP level 10. HP: 36/61 MP: 10/10
  7896 | D:8      | Reached ** piety under Trog
  8583 | D:9      | Reached skill level 9 in Armour
  8700 | D:9      | Noticed a cyclops
  8719 | D:9      | Killed a cyclops
  8728 | D:9      | Noticed Pikel
  8728 | D:9      | Noticed Harold
  8749 | D:9      | Slain by a wight

Illustrated notes

Levels and vault maps discovered:
D:1:      tarquinn_simple_flora_water_b, layout_basic, serial_shops, shop,
          nicolae_lakefront_shop, nicolae_shop_waterfront, nicolae_square_shop
D:2:      layout_basic, serial_shops, shop, glass_columns_b,
          minmay_crystal_water, mrwooster_statue_mirror, minmay_misc_feat_doors,
          uniq_sigmund
D:3:      layout_loops_ring, nicolae_gozag_seed_capital, portal_sewer_entry_e,
          uniq_crazy_yiuf_cottage, uniq_ijyb, uniq_jessica
D:4:      layout_loops_ring, mainiacjoe_overflow_surrounded_room, slow_altar_2
D:5:      layout_cave_pods, jmf_multi_god_temple, minmay_temple_entry_junction
D:6:      nicolae_cairo_tiling_very_big, layout_gridville,
          nicolae_overflow_hidden_temple, serial_shops,
          nicolae_shop_competitors_out_of_business, shop,
          nicolae_lakefront_shop, nicolae_inconvenience_store
D:7:      layout_rooms, kennysheep_opposing_triangles, uniq_duvessa
D:8:      layout_basic, kennysheep_doodads, uniq_maurice
D:9:      layout_grid_maze, dpeg_lair_monsters, uniq_gastronok, uniq_pikel,
          uniq_harold
Temple:   kb_temple_of_zot

Skill      XL: |  1  2  3  4  5  6  7  8  9 10 |
---------------+-------------------------------+-----
Throwing       | 2 3 |  3.5
Armour         | 2 3 4 6 8 9 |  9.5
Fighting       | 3 5 6 7 |  7.0
Maces & Flails | 4 |  4.9
Dodging        | 3 4 |  4.7
Stealth        | 1 |  1.7
Polearms       | 1 2 5 7 |  7.8

Action                     |  1- 3 |  4- 6 |  7- 9 | 10-12 || total
---------------------------+-------+-------+-------+-------++-------
  Melee: Flail             |   141 |    42 |       |       ||   183
         Spear             |       |   118 |   398 |    98 ||   614
         Punch             |       |       |     4 |     4 ||     8
  Throw: Throwing net      |     6 |       |       |     1 ||     7
         Javelin           |     1 |       |       |       ||     1
         Stone             |       |     6 |    32 |     7 ||    45
         Dart              |       |       |       |    10 ||    10
 Invoke: Berserk           |       |       |     2 |     1 ||     3
    Use: Potion            |     3 |     2 |       |     1 ||     6
         Scroll            |       |     4 |     6 |     1 ||    11
   Stab: Held in net/web   |     1 |       |       |       ||     1
         Sleeping          |     1 |       |       |       ||     1
 Armour: Leather armour    |    54 |       |       |       ||    54
         Scale mail        |    20 |       |       |       ||    20
         Chain mail        |    15 |   241 |   294 |    66 ||   616
         Skin              |       |    65 |    25 |       ||    90
  Dodge: Dodged            |   144 |   138 |   181 |    36 ||   499

Table legend: (Time is in decaauts)
 A = Elapsed time spent in this place.
 B = Non-inter-level travel time spent in this place.
 C = Inter-level travel time spent in this place.
 D = Time resting spent in this place.
 E = Time spent auto-exploring this place.
 F = Levels seen in this place.
 G = Mean time per level.
                   A        B        C        D        E       F      G
               +--------+--------+--------+--------+--------+-----+--------+
         Total |   8789 |   8493 |    296 |    163 |   5714 |  11 |  799.0 |
       Dungeon |   8077 |   7804 |    273 |    163 |   5369 |   9 |  897.4 |
        Temple |     74 |     51 |     23 |      0 |     26 |   1 |   74.0 |
         Sewer |    637 |    637 |      0 |      0 |    319 |   1 |  637.0 |
               +--------+--------+--------+--------+--------+-----+--------+

Top non-repeatable levels by time:
     D:1: 1161 daAuts
     D:2: 1040 daAuts
     D:5: 1029 daAuts
     D:3: 1004 daAuts
     D:6: 938 daAuts
     D:8: 896 daAuts
     D:7: 878 daAuts
     D:4: 701 daAuts
   Sewer: 637 daAuts
     D:9: 426 daAuts
  Temple: 74 daAuts
